 Dungeon Crawl Stone Soup version 0.30.0-29-ga12c61a403 (webtiles) character file.

Game seed: 12319475093558509930

4893 MacCMillion the Tainter (level 10, -2/59 HPs)
             Began as a Tengu Venom Mage on June 14, 2023.
             Was a Believer of Kikubaaqudgha.
             Slain by a vampire (7 damage)
             ... on level 9 of the Dungeon on June 15, 2023.
             The game lasted 00:36:08 (11894 turns).

MacCMillion the Tainter (Tengu Venom Mage)         Turns: 11894, Time: 00:36:08

Health: -2/59      AC:  8    Str:  8    XL:     10   Next: 51%
Magic:  2/17       EV: 14    Int: 29    God:    Kikubaaqudgha [**....]
Gold:   815        SH:  0    Dex: 16    Spells: 3/17 levels left

rFire   . . .        C - staff of poison
rCold   . . .        (no shield)
rNeg    . . .        L - +0 ring mail of Egefag {Int+4}
rPois   +            (helmet restricted)
rElec   .            E - +0 cloak
rCorr   .            f - +0 pair of gloves
SInv    .            (boots unavailable)
Will    .....        (no amulet)
Stlth   +            w - +6 ring of intelligence
HPRegen 0.29/turn    (no ring)
MPRegen 0.15/turn

%: no passive effects
@: animating dead, flying quickly and evasively, studying Earth Magic, quick
A: beak, talons 3, nimble flight
a: Renounce Religion, Unearth Wretches


You were on level 9 of the Dungeon.
You worshipped Kikubaaqudgha.
Kikubaaqudgha was pleased with you.
You visited 2 branches of the dungeon, and saw 10 of its levels.
You also visited: Ossuary.

You collected 848 gold pieces.
You spent 33 gold pieces at shops.

Inventory:

Hand Weapons
 c - a +0 short sword
 e - a +4 dagger
 B - a +1 hand axe of electrocution
Missiles
 s - 25 poisoned darts
Armour
 a - a +0 robe
 f - a +0 pair of gloves (worn)
 E - a +0 cloak (worn)
 F - a +0 ring mail
 L - the +0 ring mail of Egefag (worn) {Int+4}
   (You found it on level 8 of the Dungeon)

   Int:       It affects your intelligence (+4).
Magical Staves
 C - a staff of poison (weapon)
Jewellery
 d - an amulet of faith
 o - a ring of flight
 w - a +6 ring of intelligence (left hand)
Wands
 K - a wand of roots (7)
Scrolls
 g - 3 scrolls of magic mapping {unknown}
 h - a scroll of fog {unknown}
 j - 2 scrolls of immolation {unknown}
 l - a scroll of enchant armour {unknown}
 m - 3 scrolls of noise {unknown}
 p - 5 scrolls of teleportation {unknown}
 r - 4 scrolls of identify {unknown}
 t - a scroll of silence {unknown}
 y - 3 scrolls of amnesia {unknown}
 D - a scroll of blinking {unknown}
 I - a scroll of fear {unknown}
 J - a scroll of poison {unknown}
Potions
 b - 2 potions of magic
 i - 3 potions of lignification {unknown}
 k - a potion of cancellation {unknown}
 n - 4 potions of curing
 q - 2 potions of mutation {unknown}
 u - 3 potions of heal wounds
 v - a potion of brilliance {unknown}
 x - 2 potions of flight {unknown}
 z - a potion of haste {unknown}
 A - 3 potions of might {unknown}
 G - a potion of resistance {unknown}
 H - a potion of attraction {unknown}


   Skills:
 - Level 5.0 Fighting
 + Level 4.3 Armour
 + Level 5.0 Dodging
 - Level 2.0 Stealth
 - Level 4.0 Spellcasting
 + Level 6.7 Necromancy
 - Level 1.0 Transmutations
 - Level 4.0 Air Magic
 + Level 10.6 Poison Magic


You had 3 spell levels left.
You knew the following spells:

 Your Spells              Type           Power      Damage    Failure   Level
a - Sting                 Tmut/Pois      100%       1d8       1%          1
b - Poisonous Vapours     Pois/Air       100%       N/A       1%          2
c - Mephitic Cloud        Conj/Pois/Air  50%        N/A       8%          3
d - Olgreb's Toxic Radia  Pois           79%        N/A       2%          4
e - Animate Dead          Necr           45%        N/A       12%         4

Your spell library contained the following spells:

 Spells                   Type           Power      Damage    Failure   Level
 Necrotise                Necr           100%       1d9       1%          1
 Cigotuvi's Dreadful Rot  Necr/Pois/Air  100%       N/A       1%          2
 Kiss of Death            Conj/Necr      100%       2d13      4%          1
 Magic Dart               Conj           20%        1d4       19%         1
 Sandblast                Erth           10%        2d5       19%         1
 Passwall                 Tmut/Erth      6%         N/A       24%         2
 Blink                    Tloc           10%        N/A       28%         2
 Searing Ray              Conj           10%        2d4       28%         2
 Stone Arrow              Conj/Erth      10%        3d7       50%         3
 Flame Wave               Conj/Fire      5%         2d5       88%         4
 Fulminant Prism          Conj/Hex       2%         3d5       88%         4
 Passage of Golubria      Tloc           5%         N/A       88%         4
 Disjunction              Tloc           2%         N/A       100%        8


Dungeon Overview and Level Annotations

Branches:
Dungeon (9/15)             Temple (1/1) D:5         Ossuary (visited)
   Lair: D:8-11         Orc: D:9-12

Altars:
Ashenzari
Cheibriados
Dithmenos
Fedhas
Gozag
Hepliaklqana
Kikubaaqudgha
Makhleb
Okawaru
Qazlal
Ru
Sif Muna
Trog
Vehumet
Wu Jian
Xom
Yredelemnul
Zin
The Shining One

Shops:
D:2 !   D:6 :*!

Annotations:
D:4 2 runed translucent doors, exclusion: oklob plant


Innate Abilities, Weirdness & Mutations

You have a beak for a mouth.
You have claws for feet.
Your magical nature lets you fly swiftly and evasively.


Message History

The yak dies!
Kikubaaqudgha accepts your kill.
The dead are walking!
Your Armour skill increases to level 4!
You kill the yak!
Kikubaaqudgha accepts your kill.
The dead are walking!
Something barely misses your troll zombie.
Something bites your troll zombie.
Training target 5.0 for Fighting reached!
Your Fighting skill increases to level 5!
Your Dodging skill increases to level 5!
Unknown command.
You swap places.
Your toxic aura wanes.
Something hits your yak zombie! Something bites your yak zombie.
You swap places.
Something hits you. Something bites you!
Something draws strength from your injuries!
You closely miss something. Something barely misses you. Something bites you.
Something draws strength from your injuries!
You closely miss something. Something hits you!
Something bites you but does no damage.
You hit something but do no damage. You claw something.
Your peck misses something. Something hits you but does no damage.
Something bites you.
Something draws strength from your injuries!
You barely miss something. You claw something. Something hits you.
Something bites you.
Something draws strength from your injuries!
You hit something but do no damage. Your kick misses something.
Something hits you! Something bites you.
* * * LOW HITPOINT WARNING * * *
Something draws strength from your injuries!
Something barely misses you. x2
You hit something but do no damage. Your kick misses something.
Your peck misses something. Something hits you!
* * * LOW HITPOINT WARNING * * *
Something bites you!
You die...
Kikubaaqudgha rasps: "You have failed me!
Welcome... death!"

#...# #.#Z# ##.#Z## #..#Z.#
##.###.## ###..# #..###
####...## ##...###
#.#######Z...###. ###....
#.....Z.Z@{..)[†.#.. ####.
.....######Z...###...###ZZZ.
.## ####...# ##...### ###..#
#..### #.###.## ..#..#
###.#.## ###.#.#.# #..Z#...#


You could see 3 friendly yak zombies and a friendly troll zombie.

Vanquished Creatures
  A troll (D:9)
  Prince Ribbit (D:7)
  5 yaks
  A water moccasin (D:6)
  2 sky beasts
  3 ice beasts
  2 orc warriors
  A centaur (D:7)
  2 kobold brigands
  An elf zombie (Ossuary)
  5 bullfrogs
  6 scorpions
  A gnoll sergeant (D:9)
  An elf skeleton (D:6)
  A water moccasin zombie (D:5)
  8 killer bees
  4 howler monkeys
  A crimson imp (D:8)
  3 centaur zombies
  An orc priest (D:7)
  2 human zombies
  3 hounds
  2 jellies
  A gnoll bouda (D:7)
  A sleepcap (D:5)
  2 human skeletons (D:6)
  2 iguanas
  3 orc wizards
  2 hound zombies (D:5)
  2 mummies (Ossuary)
  4 adders
  8 gnolls
  2 shadow imps (D:5)
  A white imp (D:7)
  2 dart slugs
  23 orcs
  3 bats
  8 endoplasms
  5 giant cockroaches
  7 goblins
  9 hobgoblins
  4 jackals (D:4)
  5 quokkas
  9 ball pythons
  4 frilled lizards
  A gnoll zombie (Ossuary)
  2 goblin zombies (Ossuary)
  5 hobgoblin zombies (Ossuary)
  14 kobolds
  2 orc skeletons (D:6)
  2 orc zombies (Ossuary)
  4 rats
194 creatures vanquished.

Vanquished Creatures (collateral kills)
  2 yaks
  A steam dragon (D:9)
  A jelly (D:8)
  2 orcs (D:8)
6 creatures vanquished.

Grand Total: 200 creatures vanquished

Notes
Turn   | Place    | Note
-------+----------+-------------------------------------------
     0 | D:1      | MacCMillion the Tengu Venom Mage began the quest for the
                  | Orb.
     0 | D:1      | Reached XP level 1. HP: 10/10 MP: 4/4
   100 | D:1      | Reached skill level 1 in Transmutations
   152 | D:1      | Reached XP level 2. HP: 15/15 MP: 4/6
   354 | D:1      | Learned a level 2 spell: Poisonous Vapours
   557 | D:1      | Reached skill level 1 in Air Magic
   557 | D:1      | Reached XP level 3. HP: 18/19 MP: 3/7
   925 | D:2      | Found a shadowy altar of Dithmenos.
  1045 | D:2      | Found Heibleot's Distillery.
  1054 | D:2      | Bought a potion of curing for 33 gold pieces
  1115 | D:2      | Reached skill level 4 in Poison Magic
  1847 | D:3      | Reached XP level 4. HP: 24/24 MP: 8/8
  2323 | D:3      | Noticed a scorpion
  2330 | D:3      | Killed a scorpion
  2331 | D:3      | Gained mutation: Your magical nature lets you fly swiftly
                  | and evasively. [Tengu growth]
  2331 | D:3      | Reached XP level 5. HP: 28/28 MP: 0/9
  2711 | D:4      | Found an ancient bone altar of Kikubaaqudgha.
  2794 | D:4      | Found a blossoming altar of Fedhas.
  2820 | D:4      | Noticed an oklob plant
  2955 | D:4      | Reached skill level 5 in Poison Magic
  3088 | D:4      | Got the Tome of Conflagrant Correspondence
  3153 | D:4      | Learned a level 3 spell: Mephitic Cloud
  3177 | D:4      | Reached XP level 6. HP: 24/32 MP: 0/10
  3261 | D:4      | Found a broken altar of Ashenzari.
  3326 | D:4      | Found a large runed translucent door.
  3327 | D:4      | Found a large runed translucent door.
  3374 | D:4      | Found a stormy altar of Qazlal.
  3653 | D:5      | Entered Level 5 of the Dungeon
  3778 | D:5      | Found a staircase to the Ecumenical Temple.
  3787 | Temple   | Entered the Ecumenical Temple
  3967 | D:4      | Became a worshipper of Kikubaaqudgha
  4513 | D:5      | Learned a level 4 spell: Olgreb's Toxic Radiance
  5541 | D:5      | Reached skill level 1 in Fighting
  5541 | D:5      | Reached skill level 6 in Poison Magic
  5541 | D:5      | Reached XP level 7. HP: 29/38 MP: 11/13
  5626 | D:6      | Found Nimusorch's Assorted Antiques.
  6207 | D:6      | Found a sand-covered staircase.
  6267 | Ossuary  | Entered an ossuary
  6286 | Ossuary  | Reached * piety under Kikubaaqudgha
  6286 | Ossuary  | Received a gift from Kikubaaqudgha
  6287 | Ossuary  | Reached XP level 8. HP: 42/46 MP: 12/15
  6324 | Ossuary  | Reached skill level 7 in Poison Magic
  6994 | D:6      | Reached skill level 8 in Poison Magic
  7281 | D:6      | Learned a level 4 spell: Animate Dead
  7510 | D:6      | Reached skill level 1 in Necromancy
  7583 | D:6      | Found Niuneaggou's Distillery.
  7678 | D:6      | Reached skill level 9 in Poison Magic
  8079 | D:6      | Found Ipnesipp's Book Emporium.
  8224 | D:7      | Reached XP level 9. HP: 42/50 MP: 13/16
  8579 | D:7      | Reached skill level 5 in Necromancy
  8699 | D:7      | Noticed Prince Ribbit
  8718 | D:7      | Killed Prince Ribbit
  8719 | D:7      | Reached skill level 1 in Armour
  9019 | D:7      | Reached skill level 10 in Poison Magic
  9726 | D:8      | Reached ** piety under Kikubaaqudgha
 10140 | D:8      | Reached XP level 10. HP: 44/56 MP: 3/17
 10805 | D:8      | Found a burning altar of Makhleb.
 10806 | D:8      | Found a radiant altar of Vehumet.
 11148 | D:8      | Found a shimmering blue altar of Sif Muna.
 11506 | D:8      | Identified the +0 ring mail of Egefag {Int+4}
 11604 | D:8      | Found a glowing golden altar of the Shining One.
 11604 | D:8      | Found a shimmering altar of Xom.
 11885 | D:9      | Reached skill level 5 in Fighting
 11885 | D:9      | Reached skill level 5 in Dodging
 11894 | D:9      | Slain by a vampire

Illustrated notes

Levels and vault maps discovered:
D:1:      mrwooster_arrival_statue_3, layout_rooms, minmay_indecisive_spiral
D:2:      layout_rooms, basic_altar, serial_corexii_hall,
          corexii_hall_statues_x, corexii_hall_statues_i,
          chequers_hall_statues_y, corexii_hall_statues_t,
          chequers_hall_statues_corner_a, corexii_hall_statues_deadend,
          serial_shops, nicolae_lakefront_shop, chequers_serial_rivers_room_a
D:3:      layout_rooms
D:4:      layout_cave_pools, cheibrodos_ashenzari_chains, tgw_fedhas,
          mainiacjoe_overflow_cross_hatched, jmf_multi_god_temple2,
          lemuel_round_altar, grunt_decor_mini_mirrors, minmay_fractal_squares_5
D:5:      minmay_thinvault, layout_basic, minmay_temple_entry_waves,
          serial_undead, serial_undead_f, serial_undead_c, serial_undead_e,
          serial_undead_b, serial_undead_f, serial_undead_d, serial_undead_d,
          serial_undead_a
D:6:      layout_rooms, serial_shops, nicolae_shop_back_alley_shop, shop_coins,
          shop, nicolae_ossuary_entry_catacombs, st_stairs_12
D:7:      layout_basic, nicolae_water_bricks, uniq_prince_ribbit1
D:8:      layout_loops_ring, grunt_temple_overflow_lords_of_destruction,
          gammafunk_temple_overflow_statue, led_sif_pool,
          serial_co_window_serial, co_window_paths_b, co_window_paths_a,
          co_window_cross_1, co_window_corner_a, co_window_paths_a,
          co_window_2corner, co_window_cross_2, co_window_broadway_b,
          co_window_broadway_a, co_window_unsneaky_path_e, co_window_4corner_b,
          glass_columns_a, glass_columns_a, glass_columns_a, glass_columns_c,
          glass_columns_c
D:9:      minmay_general_purpose_star, layout_loops_cross, lair_entry_dummy
Temple:   hellmonk_temple_flake

Skill      XL: |  1  2  3  4  5  6  7  8  9 10 |
---------------+-------------------------------+-----
Transmutations | 1 |  1.0
Air Magic      | 1 2 3 4 |  4.0
Poison Magic   | 4 5 6 9 10 | 10.6
Spellcasting   | 3 4 |  4.0
Fighting       | 1 3 4 5 |  5.0
Necromancy     | 3 5 6 |  6.7
Armour         | 2 4 |  4.3
Dodging        | 3 5 |  5.0
Stealth        | |  2.0

Action                     |  1- 3 |  4- 6 |  7- 9 | 10-12 || total
---------------------------+-------+-------+-------+-------++-------
  Melee: Short sword       |     3 |       |       |       ||     3
         Peck              |     2 |    21 |    62 |     8 ||    93
         Dagger            |    30 |    78 |    95 |       ||   203
         Kick              |     5 |    21 |    98 |    13 ||   137
         Hand axe          |       |    13 |       |       ||    13
         Punch             |       |     1 |     3 |       ||     4
         Staff             |       |       |   167 |    41 ||   208
   Cast: Sting             |    43 |    38 |    20 |    10 ||   111
         Poisonous Vapours |     6 |    24 |    18 |     7 ||    55
         Olgreb's Toxic Ra |       |     2 |    10 |     5 ||    17
         Mephitic Cloud    |       |       |     2 |     1 ||     3
         Animate Dead      |       |       |     1 |     3 ||     4
   Stab: Sleeping          |     4 |     2 |     2 |       ||     8
 Armour: Robe              |     2 |    19 |     4 |     3 ||    28
         Ring mail         |       |       |    98 |     5 ||   103
  Dodge: Dodged            |    25 |    91 |   189 |    27 ||   332
